 Dungeon Crawl Stone Soup version 0.32-a0-468-g38b2580584 (webtiles) character file.

Game seed: 10977313746147880022

794 Sabo the Chopper (level 7, -2/61 HPs)
             Began as a Mountain Dwarf Monk on Feb 25, 2024.
             Was a Believer of Dithmenos.
             Killed from afar by an electric eel (10 damage)
             ... with a bolt of electricity
             ... on level 6 of the Dungeon.
             The game lasted 00:30:07 (4900 turns).

Sabo the Chopper (Mountain Dwarf Monk)              Turns: 4900, Time: 00:30:09

Health: -2/61      AC:  5    Str: 21    XL:     7   Next: 58%
Magic:  7/7        EV: 13    Int: 13    God:    Dithmenos [**....]
Gold:   865        SH:  0    Dex: 14    Spells: 3/6 levels left

rFire   . . .        B - +6 war axe "Cang" {heavy, Fly Will+ Int+3 Dex+2}
rCold   . . .        d - orb {light}
rNeg    + . .        h - +0 leather armour
rPois   +            v - +0 helmet
rElec   .            (no cloak)
rCorr   .            (no gloves)
SInv    .            j - +0 pair of boots of Daghalir {-Tele rPois rN+ Str+5}
Will    +....        i - amulet of regeneration
Stlth   +            (no ring)
HPRegen 1.10/turn    (no ring)
MPRegen 0.10/turn

%: no teleportation
@: mighty, flying
A: runic magic, artefact enchanting
a: Renounce Religion, Shadow Step


You were on level 6 of the Dungeon.
You worshipped Dithmenos.
Dithmenos was pleased with you.
You visited 1 branch of the dungeon, and saw 6 of its levels.

You collected 865 gold pieces.

Inventory:

Hand Weapons
 g - a +0 spear of venom
 o - a +0 sling
 B - the +6 war axe "Cang" (weapon) {heavy, Fly Will+ Int+3 Dex+2}
   (You found it on level 4 of the Dungeon)

   Int+3:     It affects your intelligence (+3).
   Dex+2:     It affects your dexterity (+2).
   Will+:     It increases your willpower.
   Fly:       It grants you flight.
Missiles
 m - 5 boomerangs (quivered)
Armour
 d - an orb of light (worn)
 h - a +0 leather armour (worn)
 j - the +0 pair of boots of Daghalir (worn) {-Tele rPois rN+ Str+5}
   (You found it on level 5 of the Dungeon)

   Str+5:     It affects your strength (+5).
   rPois:     It protects you from poison rN+: It protects you from negative
   energy.
   -Tele:     It prevents most forms of teleportation.
 v - a +0 helmet (worn)
Jewellery
 i - an amulet of regeneration (around neck)
Wands
 a - a wand of quicksilver (7)
 b - a wand of charming (12)
 y - a wand of roots (7)
Scrolls
 k - 2 scrolls of fog
 n - a scroll of blinking
 r - a scroll of teleportation {unknown}
 s - a scroll of summoning
 t - 2 scrolls of amnesia
 u - a scroll of enchant weapon {unknown}
 A - 2 scrolls of fear {unknown}
Potions
 c - a potion of ambrosia
 e - a potion of degeneration {unknown}
 f - 3 potions of curing {unknown}
 l - 2 potions of enlightenment {unknown}
 p - 5 potions of might
 q - 3 potions of heal wounds {unknown}
 w - a potion of haste {unknown}
 z - a potion of attraction {unknown}


   Skills:
 + Level 5.0 Fighting
 + Level 7.7(7.8) Axes
 + Level 1.1(4.1) Polearms
 + Level 3.0 Armour
 + Level 3.5 Dodging
 + Level 1.0 Stealth


You had 3 spell levels left.
You knew the following spells:

 Your Spells              Type           Power      Damage    Failure   Level
a - Stone Arrow           Conj/Erth      0%         3d7       67%         3

Your spell library contained the following spells:

 Spells                   Type           Power      Damage    Failure   Level
 Necrotise                Necr           0%         1d4       32%         1
 Dazzling Flash           Conj/Hex       0%         N/A       67%         3
 Hailstorm                Conj/Ice       0%         3d5       67%         3
 Summon Ice Beast         Ice/Summ       0%         N/A       67%         3
 Tukima's Dance           Hex            0%         N/A       67%         3
 Vampiric Draining        Necr           0%         2d6       67%         3
 Volatile Blastmotes      Fire/Tloc      0%         2d10      67%         3
 Animate Armour           Summ/Erth      0%         N/A       97%         4
 Dimensional Bullseye     Hex/Tloc       0%         N/A       97%         4
 Iskenderun's Mystic Bla  Conj/Tloc      0%         2d3       97%         4
 Martyr's Knell           Necr/Summ      0%         N/A       97%         4
 Curse of Agony           Necr           0%         N/A       100%        5
 Sculpt Simulacrum        Ice/Alch       0%         N/A       100%        6
 Starburst                Conj/Fire      0%         6d3       100%        6
 Lehudib's Crystal Spear  Conj/Erth      0%         10d2      100%        8
 Maxwell's Capacitive Co  Air            0%         ∞         100%        8


Dungeon Overview and Level Annotations

Branches:
Dungeon (6/15)
 Temple: D:4-7

Altars:
Ashenzari
Cheibriados
Dithmenos
Gozag
Kikubaaqudgha
Makhleb
Okawaru
Ru
Trog
Uskayaw
Xom
Yredelemnul
The Shining One


Innate Abilities, Weirdness & Mutations

Your spellcasting is much less encumbered by armour.
You can use scrolls of enchantment on lesser artefacts.


Message History

Found a ring mail and 6 stones.
There is a stone staircase leading up here.
Found a blackened brass wand.
The electric eel shoots out a bolt of lightning at you!
The bolt of electricity hits you!
You hear a shout!
You slash the electric eel!
The electric eel is almost dead.
A dart slug comes into view.
The dart slug launches a dart at you. The slug dart misses you.
The electric eel shoots out a bolt of lightning at you!
The bolt of electricity hits you!
An electric eel comes into view.
The electric eel shoots out a bolt of lightning at you!
The bolt of electricity hits the electric eel.
The electric eel completely resists.
The bolt of electricity hits you!
You slash the electric eel!
You kill the electric eel!
Dithmenos accepts your kill.
The electric eel shoots out a bolt of lightning at you!
The bolt of electricity hits you!
* * * LOW HITPOINT WARNING * * *
The electric eel shoots out a bolt of lightning at you!
The bolt of electricity hits you!
* * * LOW HITPOINT WARNING * * *
A dart slug comes into view.
An orc comes into view. It is wielding a +0 whip.
Your Fighting skill increases to level 5!
A dart slug and an orc wizard come into view.
Found 29 gold pieces and a book of the Warp.
The orc wizard shouts!
You hear a shout!
An orc comes into view. It is wielding a +0 flail.
The orc shouts!
You slash the electric eel!
The electric eel is heavily wounded.
The electric eel shoots out a bolt of lightning at you!
The bolt of electricity hits the electric eel.
The electric eel completely resists.
The bolt of electricity hits you!
You die...

#/ #.~~.~≈##.
##.#.≈≈~≈~≈≈.
...~≈≈≈w~~≈≈# .
.#~#~#S~..~≈# ~.
.o~≈≈~~.:$ ≈#~~.
o~~≈≈≈≈S$ ≈≈≈≈~~
w~≈≈≈≈#S♣#~≈≈#≈≈
~≈o≈≈≈~@..~~~≈≈w
.≈~~≈≈~♣<.~≈~~≈~
~~#~~~~...~~#~~~
~≈≈≈≈≈≈≈.~~≈≈~~~
#~w≈≈≈≈~.~~~≈≈##
..~≈≈≈~..~[#≈≈≈w
.#~≈≈≈~.(.~~≈≈≈#
##~≈≈≈~~~≈w≈≈##
##.#≈≈≈≈≈≈.##


You could see 3 electric eels, an orc wizard, 4 dart slugs and 2 orcs.

Vanquished Creatures
  An ice beast (D:5)
  Pargi (D:3)
  2 ogres (D:5)
  A scorpion (D:5)
  An electric eel (D:6)
  A howler monkey (D:5)
  3 hounds
  A jelly (D:5)
  A sleepcap (D:5)
  8 adders
  A shadow imp (D:5)
  A white imp (D:5)
  2 ribbon worms
  4 dart slugs
  An orc (D:5)
  8 endoplasms
  2 giant cockroaches (D:2)
  7 goblins
  11 hobgoblins
  3 quokkas
  3 ball pythons
  6 bats
  5 frilled lizards
  6 kobolds
  4 rats
84 creatures vanquished.

Notes
Turn   | Place    | Note
-------+----------+-------------------------------------------
     0 | D:1      | Sabo the Mountain Dwarf Monk began the quest for the Orb.
     0 | D:1      | Reached XP level 1. HP: 19/19 MP: 1/1
   215 | D:1      | Found a faded altar of an unknown god.
   345 | D:1      | Reached skill level 4 in Axes
   345 | D:1      | Reached XP level 2. HP: 26/26 MP: 2/2
  1135 | D:2      | Reached XP level 3. HP: 32/33 MP: 3/3
  1289 | D:2      | Reached skill level 1 in Polearms
  1377 | D:2      | Found a shadowy altar of Dithmenos.
  1434 | D:2      | Became a worshipper of Dithmenos the Shadowed
  1434 | D:2      | Reached * piety under Dithmenos
  1434 | D:2      | Reached ** piety under Dithmenos
  1921 | D:2      | Identified a scroll of acquirement
  1921 | D:2      | Acquired 539 gold pieces
  2042 | D:3      | Reached XP level 4. HP: 40/40 MP: 4/4
  2251 | D:3      | Found an opulent altar of Gozag.
  2266 | D:3      | Reached skill level 1 in Armour
  2292 | D:3      | Found a burning altar of Makhleb.
  2292 | D:3      | Found a hide-covered altar of Uskayaw.
  2292 | D:3      | Found an ancient bone altar of Kikubaaqudgha.
  2298 | D:3      | Found a sacrificial altar of Ru.
  2302 | D:3      | Found a glowing golden altar of the Shining One.
  2305 | D:3      | Found a basalt altar of Yredelemnul.
  2308 | D:3      | Found a shimmering altar of Xom.
  2315 | D:3      | Found a broken altar of Ashenzari.
  2317 | D:3      | Found a bloodstained altar of Trog.
  2318 | D:3      | Found a snail-covered altar of Cheibriados.
  2569 | D:3      | Noticed Pargi
  2585 | D:3      | Killed Pargi
  2586 | D:3      | Reached skill level 5 in Axes
  2586 | D:3      | Reached XP level 5. HP: 20/46 MP: 5/5
  2916 | D:3      | Found an iron altar of Okawaru.
  3283 | D:4      | Identified the +6 war axe "Cang" {heavy, Fly Will+ Int+3
                  | Dex+2}
  3773 | D:4      | Reached skill level 6 in Axes
  3773 | D:4      | Reached XP level 6. HP: 52/52 MP: 6/6
  3915 | D:5      | Entered Level 5 of the Dungeon
  4051 | D:5      | Noticed an ice beast
  4059 | D:5      | Killed an ice beast
  4150 | D:5      | Reached skill level 7 in Axes
  4150 | D:5      | Reached XP level 7. HP: 32/60 MP: 7/7
  4371 | D:5      | Identified the +0 pair of boots of Daghalir {-Tele rPois
                  | rN+ Str+5}
  4589 | D:5      | Reached skill level 1 in Stealth
  4702 | D:5      | Learned a level 3 spell: Stone Arrow
  4899 | D:6      | Reached skill level 5 in Fighting
  4900 | D:6      | Killed from afar by an electric eel

Illustrated notes

Levels and vault maps discovered:
D:1:      matt_arrival_los_fun, layout_basic, chequers_ecumenical_altar_simple,
          wander_ebering_terrifying_dragon_lair
D:2:      layout_basic, serial_aquarium, aquarium_bridge_long_joined
          [aquarium_subvault_wall, aquarium_subvault_balcony,
          aquarium_subvault_wall, aquarium_subvault_bridge,
          aquarium_subvault_window, aquarium_subvault_bridge],
          aquarium_window_1, aquarium_window_1, aquarium_window_1,
          aquarium_view_2c, aquarium_view_2b, aquarium_pool_split, basic_altar,
          minmay_3d_cube
D:3:      layout_basic, grunt_gozag_statues, lemuel_coloured_pillars_altar,
          nicolae_overflow_hallway_of_the_gods, serial_bayou_pond_e,
          minmay_splitting_lines, grunt_ministairs_6, uniq_pargi
D:4:      layout_basic, fountainhead, hangedman_decor_slide_cut
D:5:      layout_loops_ring, kennysheep_generic_room_7
D:6:      kennysheep_slugbush, layout_basic,
          minmay_temple_entry_statues_pillars, serial_bayou_lagoon_a,
          uniq_maggie, uniq_prince_ribbit1

Skill      XL: |  1  2  3  4  5  6  7 |
---------------+----------------------+-----
Axes           | 4 5 6 7 |  7.7
Polearms       | 1 |  1.1
Armour         | 1 2 3 |  3.0
Fighting       | 4 5 |  5.0
Dodging        | 3 |  3.5
Stealth        | 1 |  1.0

Action                     |  1- 3 |  4- 6 |  7- 9 || total
---------------------------+-------+-------+-------++-------
  Melee: Spear             |    13 |       |       ||    13
         Hand axe          |     7 |       |       ||     7
         War axe           |    68 |   112 |    16 ||   196
    Use: Scroll            |     3 |     5 |       ||     8
         Potion            |       |       |     1 ||     1
   Stab: Sleeping          |       |     1 |       ||     1
 Armour: Robe              |     3 |       |       ||     3
         Leather armour    |    56 |   108 |    14 ||   178
  Dodge: Dodged            |    51 |    93 |    10 ||   154

Table legend: (Time is in decaauts)
 A = Elapsed time spent in this place.
 B = Non-inter-level travel time spent in this place.
 C = Inter-level travel time spent in this place.
 D = Time resting spent in this place.
 E = Time spent auto-exploring this place.
 F = Levels seen in this place.
 G = Mean time per level.
                   A        B        C        D        E       F      G
               +--------+--------+--------+--------+--------+-----+--------+
         Total |   4977 |   4941 |     36 |    344 |      0 |   6 |  829.5 |
       Dungeon |   4977 |   4941 |     36 |    344 |      0 |   6 |  829.5 |
               +--------+--------+--------+--------+--------+-----+--------+

Top non-repeatable levels by time:
     D:3: 1089 daAuts
     D:1: 1082 daAuts
     D:5: 1005 daAuts
     D:2: 975 daAuts
     D:4: 818 daAuts
     D:6: 5 daAuts
